 Dungeon Crawl Stone Soup version 0.29-a0-23-ga79f92ac9c (webtiles) character file.

Game seed: 16859397396872880259

117 Clumpoid the Poker (level 5, -3/45 HPs)
             Began as a Ghoul Fighter on Jan 30, 2022.
             Slain by an orc (4 damage)
             ... on level 2 of the Dungeon.
             The game lasted 00:01:32 (1589 turns).

Clumpoid the Poker (Ghoul Fighter)                  Turns: 1589, Time: 00:01:33

Health: -3/45      AC:  8    Str: 20 (22) XL:     5   Next: 1%
Magic:  4/4        EV:  9    Int:  2 (3)  God:
Gold:   29         SH:  3    Dex:  7 (8)  Spells: 4/4 levels left

rFire   . . .      SeeInvis .   a - +0 trident
rCold   + . .      Faith    .   c - +0 buckler
rNeg    + + +      Spirit   .   b - +0 scale mail
rPois   ∞          Reflect  .   d - +0 helmet
rElec   .          Harm     .   g - +0 cloak
rCorr   .          Rampage  .   (no gloves)
Will    .....                   (no boots)
Stlth   ..........              (no amulet)
HPRegen 0.00/turn               (no ring)
MPRegen 0.09/turn               (no ring)

@: inhibited regen
A: claws 1, cold resistance 1, negative energy resistance 3, inhibited
regeneration, torment resistance 2
a: no special abilities


You were on level 2 of the Dungeon.
You visited 1 branch of the dungeon, and saw 2 of its levels.

You collected 29 gold pieces.

Inventory:

Hand Weapons
 a - a +0 trident (weapon)
Armour
 b - a +0 scale mail (worn)
 c - a +0 buckler (worn)
 d - a +0 helmet (worn)
 g - a +0 cloak (worn)
Scrolls
 h - 2 scrolls of teleportation


   Skills:
 - Level 3.2 Fighting
 * Level 4.5 Polearms
 - Level 2.6 Armour
 - Level 2.6 Shields


You had 4 spell levels left.
You didn't know any spells.
Your spell library was empty.

Dungeon Overview and Level Annotations

Branches:
Dungeon (2/15)

Altars:
Nemelex Xobeh


Innate Abilities, Weirdness & Mutations

You thrive by killing the living.
You are immune to poison.
You have sharp fingernails.
Your flesh is cold resistant. (rC+)
You are immune to negative energy. (rN+++)
You do not regenerate when monsters are visible.
You are immune to unholy pain and torment.


Message History

The orc priest hits you with a +0 trident.
You closely miss the orc priest.
The orc priest is severely wounded.
The orc priest calls down the wrath of Beogh upon you.
Beogh smites you!
* * * LOW HITPOINT WARNING * * *
You puncture the orc priest!
You kill the orc priest!
You feel better.
The orc priest calls down the wrath of Beogh upon you.
Beogh smites you!
* * * LOW HITPOINT WARNING * * *
You have reached level 5!
You feel stronger.
You hit the orc but do no damage. The orc hits you but does no damage.
It was a potion of degeneration.
There was something very wrong with that liquid.
You feel weakened.
You feel dopey.
You feel clumsy. The orc hits you but does no damage.
You hit the orc.
The orc is almost dead.
The orc hits you but does no damage.
You closely miss the orc.
The orc is almost dead.
The orc closely misses you.
You hit the orc but do no damage.
The orc is almost dead.
The orc hits you with a +0 whip.
* * * LOW HITPOINT WARNING * * *
You hit the orc but do no damage.
The orc is almost dead.
The orc barely misses you. The orc hits you but does no damage.
You barely miss the orc.
The orc is almost dead.
The orc hits you but does no damage.
The orc priest looks satisfied for a moment.
You barely miss the orc.
The orc is almost dead.
The orc hits you with a +0 whip.
You die...

#. ####. .... #####.. ...###.
.o..##. . ....#. ########....
...⌠#. #...@ooo.... ..$#.
#.#####o#..≈ .^ #. #.# #.#
##. #.# #.# ########..
######.# #.# ..........
#......# #.# #########.
#.##########.#######......
#.##.................###..
####....#######.###########..


You could see an orc priest and 3 orcs.

Vanquished Creatures
  An orc priest (D:2)
  Robin (D:2)
  An adder (D:2)
  3 dart slugs
  An orc (D:2)
  4 ball pythons
  3 endoplasms (D:1)
  2 giant cockroaches
  10 goblins
  11 hobgoblins
  2 jackals (D:2)
  5 frilled lizards
  9 kobolds
  5 rats
58 creatures vanquished.

Notes
Turn   | Place    | Note
-------+----------+-------------------------------------------
     0 | D:1      | Clumpoid the Ghoul Fighter began the quest for the Orb.
     0 | D:1      | Reached XP level 1. HP: 19/19 MP: 0/0
    51 | D:1      | Reached skill level 2 in Polearms
    94 | D:1      | Reached XP level 2. HP: 17/26 MP: 1/1
   454 | D:1      | Reached skill level 3 in Polearms
   503 | D:1      | Reached XP level 3. HP: 24/31 MP: 2/2
  1072 | D:2      | Found a sparkling altar of Nemelex Xobeh.
  1179 | D:2      | Noticed Robin
  1199 | D:2      | Killed Robin
  1200 | D:2      | Reached XP level 4. HP: 4/38 MP: 3/3
  1210 | D:2      | Reached skill level 4 in Polearms
  1582 | D:2      | Reached XP level 5. HP: 4/45 MP: 4/4
  1586 | D:2      | HP: 1/45 [orc (3)]
  1589 | D:2      | Slain by an orc

Illustrated notes

Levels and vault maps discovered:
D:1:      lemuel_arrival_room, layout_basic
D:2:      cheibrodos_pilgrimage, layout_basic, basic_altar,
          chequers_ecumenical_altar_simple, uniq_robin

Skill      XL: |  1  2  3  4 |
---------------+-------------+-----
Polearms       | 2 3 4 |  4.5
Fighting       | |  3.2
Armour         | |  2.6
Shields        | |  2.6

Action                   |  1- 3 |  4- 6 || total
-------------------------+-------+-------++-------
Melee: Trident           |   129 |    54 ||   183
  Use: Potion            |     4 |     2 ||     6
       Scroll            |     1 |       ||     1
Armor: Scale mail        |    56 |    21 ||    77
Dodge: Dodged            |    77 |    25 ||   102
Block: Buckler           |    18 |     6 ||    24

Table legend: (Time is in decaauts)
 A = Elapsed time spent in this place.
 B = Non-inter-level travel time spent in this place.
 C = Inter-level travel time spent in this place.
 D = Time resting spent in this place.
 E = Time spent auto-exploring this place.
 F = Levels seen in this place.
 G = Mean time per level.
                   A        B        C        D        E       F      G
               +--------+--------+--------+--------+--------+-----+--------+
         Total |   1623 |   1607 |     16 |     78 |   1156 |   2 |  811.5 |
       Dungeon |   1623 |   1607 |     16 |     78 |   1156 |   2 |  811.5 |
               +--------+--------+--------+--------+--------+-----+--------+

Top non-repeatable levels by time:
     D:1: 1088 daAuts
     D:2: 534 daAuts
